 Dungeon Crawl Stone Soup version 0.27-a0-404-g4390dbc5be (webtiles) character file.

Game seed: 17403400416737509758

26 CurlyBrace the Caller (level 2, 0/12 HPs)
             Began as a Felid Summoner on Feb 22, 2021.
             Slain by an adder (3 damage)
             ... on level 3 of the Dungeon.
             The game lasted 00:03:38 (280 turns).

CurlyBrace the Caller (Felid Summoner)               Turns: 280, Time: 00:03:40

Health: 0/12       AC:  1    Str:  6    XL:     2   Next: 89%
Magic:  5/6        EV: 18    Int: 16    God:
Gold:   11         SH:  0    Dex: 16    Spells: 4/5 levels left
                                        Lives:  0   Deaths: 0

rFire    . . .     SeeInvis +     - Unarmed
rCold    . . .     Faith    .   (shield unavailable)
rNeg     . . .     Spirit   .   (armour unavailable)
rPois    .         Reflect  .   (helmet unavailable)
rElec    .         Harm     .   (cloak unavailable)
rCorr    .         Rampage  .   (gloves unavailable)
Will     .....                  (boots unavailable)
Stlth    +++.......             (no amulet)
HPRegen  0.04/turn              (no ring)
MPRegen  0.10/turn              (no ring)

@: quick
A: very small, no armour, no weapons or thrown items, stealth, antennae 1, claws
1, fangs 3, see invisible, speed 1, shaggy fur 1, strong 1, sharp paws
a: no special abilities


You were on level 3 of the Dungeon.
You visited 1 branch of the dungeon, and saw 3 of its levels.

You collected 11 gold pieces.

Inventory:

Potions
 b - a potion of mutation


   Skills:
 * Level 1.5 Fighting
 - Level 3.0 Dodging
 - Level 3.0 Stealth
 * Level 1.4 Unarmed Combat
 - Level 2.0 Spellcasting
 - Level 4.0 Summonings


You had 4 spell levels left.
You knew the following spells:

 Your Spells              Type           Power        Failure   Level
a - Summon Small Mammal   Summ           56%          4%          1

Your spell library contained the following spells:

 Spells                   Type           Power        Failure   Level
 Call Imp                 Summ           14%          6%          2
 Call Canine Familiar     Summ           14%          12%         3
 Summon Guardian Golem    Hex/Summ       8%           26%         3
 Summon Ice Beast         Ice/Summ       8%           65%         4
 Summon Lightning Spire   Summ/Air       8%           65%         4


Dungeon Overview and Level Annotations

Branches:
Dungeon (3/15)

Altars:
Sif Muna

Annotations:
D:2 exclusion: door, Sigmund


Innate Abilities, Weirdness & Mutations

You cannot wear armour.
You are incapable of wielding weapons or throwing items.
Your paws allow you to move quietly. (Stealth)
You have sharp claws.
You have razor-sharp teeth.
You have supernaturally acute eyesight. (SInv)
You cover ground quickly.
You are covered in fur. (AC +1)
Your sharp claws are effective at attacking unaware monsters.
You have a pair of small antennae on your head.
Your muscles are strong. (Str +2)


Message History

You scratch the gnoll but do no damage. You bite the gnoll.
The gnoll is heavily wounded.
The gnoll misses you.
You scratch the gnoll but do no damage.
The gnoll is heavily wounded.
The gnoll closely misses you.
You scratch the gnoll.
The gnoll is severely wounded.
A gnoll comes into view.
Casting: Summon Small Mammal (safe; 4% risk of failure)
Confirm with . or Enter, or press ? or * to list all spells.
You swap places.
Your rat bites the gnoll.
The gnoll barely misses your rat.
Okay, then.
Unknown command.
Your rat barely misses the gnoll.
A gnoll comes into view.
The gnoll hits your rat.
Your rat dies!
Your rat's corpse disappears in a puff of smoke!
Found 22 poisoned darts.
An adder comes into view.
The adder hisses angrily.
A ball python comes into view.
A goblin comes into view.
An adder comes into view.
The goblin shouts!
The adder hisses angrily.
You hear an angry hiss.
The adder barely misses you.
A leopard gecko comes into view.
The ball python hisses angrily.
Found a leather armour.
The adder barely misses you.
Found a stone staircase leading down.
You aren't carrying any scrolls.
Unknown command.
Unknown command.
The leopard gecko hisses menacingly.
The adder closely misses you.
Casting: Summon Small Mammal (safe; 4% risk of failure)
Confirm with . or Enter, or press ? or * to list all spells.
The adder bites you.
You die...

###..............
#.....#.......#
#.#...##......# #.
#.#######.#.l.####...
#.# #...S.........
##.# #......[...... .
#..# #....g..........
#.## ##.#...####.....
#g# .......SS@b.# #.#
.####.>.###.# #.# #
##### # #g# #.# #.#
#.# ..# .##


You could see 2 adders, a goblin and a friendly bat (summoned).

Vanquished Creatures
  An adder (D:3)
  An orc (D:3)
  A giant cockroach (D:3)
  A hobgoblin (D:2)
  2 bats (D:2)
  A goblin (D:2)
  2 kobolds
9 creatures vanquished.

Vanquished Creatures (collateral kills)
  An adder (D:2)
  2 goblins (D:2)
  A bat (D:2)
4 creatures vanquished.

Grand Total: 13 creatures vanquished

Notes
Turn   | Place    | Note
-------+----------+-------------------------------------------
     0 | D:1      | CurlyBrace the Felid Summoner began the quest for the Orb.
     0 | D:1      | Reached XP level 1. HP: 7/7 MP: 4/4
     0 | D:1      | Noticed a minotaur zombie
    29 | D:2      | Found a shimmering blue altar of Sif Muna.
    61 | D:2      | Noticed Sigmund
   126 | D:2      | Gained mutation: Your muscles are strong. (Str +2) [potion
                  | of mutation]
   126 | D:2      | Gained mutation: You have a pair of small antennae on your
                  | head. [potion of mutation]
   137 | D:2      | Reached XP level 2. HP: 9/12 MP: 0/6
   139 | D:2      | Reached skill level 1 in Fighting
   142 | D:2      | Found a faded altar of an unknown god.
   181 | D:3      | Reached skill level 1 in Unarmed Combat
   280 | D:3      | Slain by an adder

Illustrated notes

Levels and vault maps discovered:
D:1:      shiori_arrival_whats_in_store_for_you, layout_basic
D:2:      cheibrodos_fertilizer, layout_loops_corners, marbit_many_paths,
          chequers_ecumenical_altar_island, st_stairs_1, uniq_sigmund,
          uniq_robin
D:3:      layout_loops_ring

Skill      XL: |  1  2 |
---------------+-------+-----
Stealth        | 3 |  3.0
Fighting       | 1 |  1.5
Unarmed Combat | 1 |  1.4
Dodging        | 3 |  3.0
Spellcasting   | |  2.0
Summonings     | |  4.0

Action                   || total
-------------------------++-------
Melee: Unarmed           ||    26
       Bite              ||     2
 Cast: Summon Small Mamm ||     9
  Use: Potion            ||     3
       Scroll            ||     2
 Stab: Sleeping          ||     6
Armor: Skin              ||     1
Dodge: Dodged            ||    29

Table legend: (Time is in decaauts)
 A = Elapsed time spent in this place.
 B = Non-inter-level travel time spent in this place.
 C = Inter-level travel time spent in this place.
 D = Time resting spent in this place.
 E = Time spent auto-exploring this place.
 F = Levels seen in this place.
 G = Mean time per level.
                   A        B        C        D        E       F      G
               +--------+--------+--------+--------+--------+-----+--------+
         Total |    235 |    235 |      0 |      0 |      0 |   3 |   78.3 |
       Dungeon |    235 |    235 |      0 |      0 |      0 |   3 |   78.3 |
               +--------+--------+--------+--------+--------+-----+--------+

Top non-repeatable levels by time:
     D:2: 124 daAuts
     D:3: 87 daAuts
     D:1: 23 daAuts
